 Dungeon Crawl Stone Soup version 0.30-a0-4-ga7cffc901d (webtiles) character file.

Game seed: 2304268547692181933

75 purpskrrrp the Magician (level 4, -7/31 HPs)
             Began as a Djinni Conjurer on Aug 21, 2022.
             Was an Initiate of the Shining One.
             Killed by divine providence
             ... invoked by an orc priest
              (12 damage)
             ... on level 3 of the Dungeon.
             The game lasted 00:05:19 (3131 turns).

purpskrrrp the Magician (Djinni Conjurer)           Turns: 3131, Time: 00:05:20

Health: -7/31      AC:  5    Str:  6    XL:     4   Next: 55%
Gold:   100        EV: 12    Int: 25    God:    the Shining One [......] SH:  0 Dex: 11

rFire   + + .      SeeInvis .    i - +4 spear of the Nurturing Big Fish {antimagic, Fly rCorr Int+3}
rCold   x . .      Faith    .    (no shield)
rNeg    . . .      Spirit   .    a - +0 robe
rPois   ∞          Reflect  .    h - +1 helmet
rElec   .          Harm     .    (no cloak)
rCorr   +          Rampage  .    c - +0 pair of gloves
Will    .....                    (boots unavailable)
Stlth   +.........               (no amulet)
HPRegen 0.10/turn                (no ring)
MPRegen 0.00/turn                (no ring)

@: flying, glowing
A: sickness immunity, fire resistance 2, cold vulnerability 1, float, innate
caster, HP casting, extra vitality 1
a: Renounce Religion


You were on level 3 of the Dungeon.
You worshipped the Shining One.
The Shining One was noncommittal.
You visited 1 branch of the dungeon, and saw 3 of its levels.

You collected 100 gold pieces.

Inventory:

Hand Weapons
 i - the +4 spear of the Nurturing Big Fish (weapon) {antimagic, Fly rCorr Int+3}
   (You found it on level 3 of the Dungeon)

   It reduces the magical energy of the wielder, and disrupts the spells and
   magical abilities of those it strikes.
   Natural abilities and divine invocations are not affected.
   Int:       It affects your intelligence (+3).
   Fly:       It grants you flight.
   rCorr:     It protects you from acid and corrosion.
Armour
 a - a +0 robe (worn)
 c - a +0 pair of gloves (worn)
 h - a +1 helmet (worn)
Scrolls
 b - 3 scrolls of poison
 f - a scroll of immolation {unknown}
Potions
 d - a potion of invisibility {unknown}
 e - a potion of curing
 g - a potion of brilliance


   Skills:
 + Level 3.2 Dodging
 + Level 2.5 Stealth
 + Level 3.7 Spellcasting


You couldn't memorise any spells.
You knew the following spells:

 Your Spells              Type           Power      Damage    Failure   Level
a - Magic Dart            Conj           92%        1d7       1%          1
b - Searing Ray           Conj           46%        2d6       3%          2
c - Dazzling Flash        Conj/Hex       46%        N/A       6%          3
d - Fulminant Prism       Conj/Hex       11%        3d9       21%         4
e - Iskenderun's Mystic   Conj/Tloc      23%        2d6       21%         4
f - Foxfire               Conj/Fire      92%        2x1d8     1%          1
Your spell library was empty.

Dungeon Overview and Level Annotations

Branches:
Dungeon (3/15)

Altars:
Nemelex Xobeh
The Shining One


Innate Abilities, Weirdness & Mutations

You are immune to sickness and miasma.
You are immune to poison.
Your flesh is very heat resistant. (rF++)
You are vulnerable to cold. (rC-)
You float through the air rather than walking.
You learn spells naturally, not from books.
Your magical power is your life essence.
You have superior vitality. (+4 MHP)


Message History

You can't see any susceptible monsters within range! (Use Z to cast anyway.)
A frilled lizard comes into view.
A frilled lizard is nearby!
The magic dart hits the frilled lizard.
You kill the frilled lizard!
You can't see any susceptible monsters within range! (Use Z to cast anyway.)
You can't see any susceptible monsters within range! (Use Z to cast anyway.)
You can't see any susceptible monsters within range! (Use Z to cast anyway.)
A goblin, an orc and an orc priest come into view.
The orc is wielding a +2 hand axe of flaming.
The goblin shouts!
The orc shouts!
The orc priest shouts!
The goblin unwields a +0 club.
The goblin wields a +0 sling.
The goblin shoots a sling bullet.
The sling bullet hits you but does no damage.
There are monsters nearby!
The magic dart hits the orc.
The orc is lightly wounded.
The goblin shoots a sling bullet.
The sling bullet hits you.
The magic dart hits the orc but does no damage.
The orc is lightly wounded.
The magic dart hits the orc but does no damage.
The orc is lightly wounded.
The goblin shoots a sling bullet.
The sling bullet closely misses you.
The magic dart hits the orc but does no damage.
The orc is lightly wounded.
The orc priest mumbles some strange prayers to Beogh against you.
Beogh smites you!
* * * LOW HITPOINT WARNING * * *
The orc hits you with a +2 hand axe of flaming.
* * * LOW HITPOINT WARNING * * *
The goblin shoots a sling bullet.
The sling bullet hits you but does no damage.
Reach: i) +4 spear of the Nurturing Big Fish {antimagic, Fly rCorr Int+3}
Press: ? - help, Dir - move target, f/p - orc
Aim: an orc, wielding a +2 hand axe of flaming, wearing a +0 ring mail and quivering boomerangs (lightly wounded, about 34% to evade the +4 spear of the Nurturing Big Fish)
You closely miss the orc.
The orc is lightly wounded.
The orc priest invokes the aid of Beogh against you.
Beogh smites you!
You die...

#. #.##### .# ###......
.# ........###.##
##..<....#...## ###
#.............## ##.##
.#.........†.....
##...##.........@)o...#
#.._.^##........o#g..##
..^....##.......##
....# .^.....^##....†##
##.# .#####.^.#......#
# '#.#.#'.##......#
#..#..###.......#####
..###.....##.[........
.......#####.#.#######


You could see an orc priest, an orc and a goblin.

Vanquished Creatures
  2 adders
  A worm (D:2)
  A dart slug (D:2)
  An orc (D:3)
  4 endoplasms (D:1)
  3 giant cockroaches
  6 goblins
  7 hobgoblins
  2 kobolds
  4 quokkas
  2 ball pythons (D:1)
  4 bats
  5 frilled lizards
  5 rats
47 creatures vanquished.

Notes
Turn   | Place    | Note
-------+----------+-------------------------------------------
     0 | D:1      | purpskrrrp the Djinni Conjurer began the quest for the Orb.
     0 | D:1      | purpskrrrp set off with the following spells memorised:
                  | Magic Dart, Searing Ray, Dazzling Flash, Fulminant Prism,
                  | Iskenderun's Mystic Blast.
     0 | D:1      | Reached XP level 1. HP: 15/15 MP: 0/0
   476 | D:1      | Reached XP level 2. HP: 20/21 MP: 0/0
   747 | D:1      | Reached XP level 3. HP: 11/25 MP: 0/0
   747 | D:1      | Learned a level 1 spell: Foxfire
  2171 | D:2      | Reached XP level 4. HP: 26/31 MP: 0/0
  2413 | D:2      | Found a glowing golden altar of the Shining One.
  2717 | D:2      | Became a worshipper of the Shining One
  2946 | D:3      | Identified the +4 spear of the Nurturing Big Fish
                  | {antimagic, Fly rCorr Int+3}
  3020 | D:3      | Found a sparkling altar of Nemelex Xobeh.
  3131 | D:3      | Killed from afar by an orc priest

Illustrated notes

Levels and vault maps discovered:
D:1:      dpeg_arrival_morbid_curiosity, layout_basic, serial_rivers,
          chequers_serial_rivers_micro_d, chequers_serial_rivers_room_a,
          chequers_serial_rivers_room_a, chequers_serial_rivers_marsh,
          chequers_serial_rivers_room_b, chequers_serial_rivers_room_b,
          serial_park_tiny_pond
D:2:      layout_loops_ring, basic_altar
D:3:      kennysheep_big_flooded_room, layout_loops_ring,
          nemelex_spade_bored_becter, mainiacjoe_overflow_brackets,
          kennysheep_generic_room_8

Skill      XL: |  1  2  3 |
---------------+----------+-----
Stealth        | 2 |  2.5
Dodging        | 3 |  3.2
Spellcasting   | |  3.7

Action                   |  1- 3 |  4- 6 || total
-------------------------+-------+-------++-------
Melee: Spear             |       |     1 ||     1
 Cast: Magic Dart        |    83 |    33 ||   116
  Use: Scroll            |     4 |       ||     4
       Potion            |     3 |       ||     3
Armor: Robe              |     2 |     4 ||     6
Dodge: Dodged            |    15 |     2 ||    17

Table legend: (Time is in decaauts)
 A = Elapsed time spent in this place.
 B = Non-inter-level travel time spent in this place.
 C = Inter-level travel time spent in this place.
 D = Time resting spent in this place.
 E = Time spent auto-exploring this place.
 F = Levels seen in this place.
 G = Mean time per level.
                   A        B        C        D        E       F      G
               +--------+--------+--------+--------+--------+-----+--------+
         Total |   3130 |   3003 |    127 |    425 |   2320 |   3 | 1043.3 |
       Dungeon |   3130 |   3003 |    127 |    425 |   2320 |   3 | 1043.3 |
               +--------+--------+--------+--------+--------+-----+--------+

Top non-repeatable levels by time:
     D:1: 1934 daAuts
     D:2: 981 daAuts
     D:3: 214 daAuts
